 Dungeon Crawl Stone Soup version 0.26.1-11-gd32895ea62 (webtiles) character file.

Game seed: 12017432624600802935

201 Duder the Cudgeller (level 5, -5/70 HPs)
             Began as a Minotaur Berserker on May 17, 2021.
             Was a Priest of Trog.
             Slain by a gnoll
             ... wielding a +0 whip
              (6 damage)
             ... on level 3 of the Dungeon.
             The game lasted 00:06:42 (2082 turns).

Duder the Cudgeller (Minotaur Berserker)            Turns: 2082, Time: 00:06:43

Health: -5/70      AC:  7    Str: 23    XL:     5   Next: 50%
Magic:  4/4        EV: 12    Int:  4    God:    Trog [***...]
Gold:   116        SH:  0    Dex:  9    Spells: 4/4 levels left

rFire    . . .     SeeInvis .   l - +0 whip
rCold    . . .     Faith    .   (no shield)
rNeg     . . .     Spirit   .   h - +0 ring mail
rPois    .         Reflect  .   (helmet restricted)
rElec    .         Harm     .   (no cloak)
rCorr    .         Rampage  .   p - +0 pair of gloves
Will     .....                  (no boots)
Stlth    ..........             (no amulet)
HPRegen  0.21/turn              (no ring)
MPRegen  0.09/turn              (no ring)

@: berserking, very quick
A: retaliatory headbutt, horns 2
a: Renounce Religion, Berserk, Trog's Hand


You were on level 3 of the Dungeon.
You worshipped Trog.
Trog was most pleased with you.
You visited 1 branch of the dungeon, and saw 3 of its levels.

You collected 116 gold pieces.

Inventory:

Hand Weapons
 a - a +0 mace
 l - a +0 whip (weapon)
Missiles
 g - 4 poisoned darts
 m - 60 stones (quivered)
Armour
 b - a +0 animal skin
 h - a +0 ring mail (worn)
 p - a +0 pair of gloves (worn)
Wands
 c - a wand of random effects (27)
Scrolls
 i - a scroll of remove curse {unknown}
 q - 3 scrolls of identify {unknown}
Potions
 d - a potion of cancellation {unknown}
 e - a potion of brilliance {unknown}
 f - a potion of attraction {unknown}
 j - a potion of heal wounds {unknown}
 k - a potion of lignification {unknown}
 n - a potion of flight {unknown}
 o - a potion of curing {unknown}


   Skills:
 + Level 4.6 Fighting
 * Level 5.4 Maces & Flails
 + Level 3.8 Armour
 + Level 3.3 Dodging


You had 4 spell levels left.
You didn't know any spells.
Your spell library was empty.

Dungeon Overview and Level Annotations

Branches:
Dungeon (3/15)

Altars:
Kikubaaqudgha
Zin


Innate Abilities, Weirdness & Mutations

You reflexively headbutt those who attack you in melee.
You have a pair of horns on your head.


Message History

The gnoll is moderately wounded.
You barely miss the gnoll.
The gnoll is moderately wounded.
The gnoll hits you but does no damage.
You hit the gnoll. Your headbutt misses the gnoll.
The gnoll is heavily wounded.
The gnoll hits you with a +0 whip.
* * * LOW HITPOINT WARNING * * *
You hit the gnoll but do no damage. Your headbutt misses the gnoll.
The gnoll is heavily wounded.
The gnoll hits you with a +0 whip.
* * * LOW HITPOINT WARNING * * *
You hit the gnoll.
The gnoll is almost dead.
The gnoll hits you with a +0 whip.
* * * LOW HITPOINT WARNING * * *
A red film seems to cover your vision as you go berserk!
You feel yourself moving faster!
You feel mighty! The gnoll hits you with a +0 whip.
You die...

#.# #.# #.#
#.# #.# #.#
#.#
#.#.########.#
#....gg@.....#
#....o########
#......
##..... ##...#
##.# #. #.


You could see 2 gnolls and an orc.

Vanquished Creatures
  Natasha (thrice) (D:2)
  Robin (D:2)
  2 gnolls (D:3)
  2 adders (D:2)
  An ooze (D:1)
  3 worms (D:2)
  2 dart slugs (D:1)
  2 leopard geckos
  A giant cockroach (D:1)
  11 goblins
  9 hobgoblins
  3 jackals
  6 kobolds
  2 ball pythons
  6 bats
  3 frilled lizards
  8 rats
65 creatures vanquished.

Notes
Turn   | Place    | Note
-------+----------+-------------------------------------------
     0 | D:1      | Duder the Minotaur Berserker began the quest for the Orb.
     0 | D:1      | Reached XP level 1. HP: 19/19 MP: 0/0
   173 | D:1      | Reached XP level 2. HP: 23/27 MP: 1/1
   268 | D:1      | Reached skill level 4 in Maces & Flails
   656 | D:1      | Reached XP level 3. HP: 33/33 MP: 2/2
   944 | D:2      | Noticed Robin
   952 | D:1      | Reached ** piety under Trog
  1219 | D:2      | Reached XP level 4. HP: 26/40 MP: 3/3
  1224 | D:2      | Killed Robin
  1294 | D:2      | Noticed Natasha
  1298 | D:2      | Killed Natasha
  1318 | D:2      | Noticed Natasha
  1325 | D:2      | Killed Natasha
  1326 | D:2      | Reached skill level 5 in Maces & Flails
  1377 | D:2      | Noticed Natasha
  1386 | D:2      | Killed Natasha
  1387 | D:2      | Reached XP level 5. HP: 19/47 MP: 4/4
  1641 | D:2      | Found a glowing silver altar of Zin.
  1874 | D:2      | Reached *** piety under Trog
  1942 | D:2      | Found an ancient bone altar of Kikubaaqudgha.
  2081 | D:3      | HP: 1/47 [gnoll/+0 whip (4)]
  2082 | D:3      | Slain by a gnoll

Illustrated notes

Levels and vault maps discovered:
D:1:      minmay_arrival_arboretum_small, layout_basic,
          minmay_misc_feat_ornament
D:2:      minmay_chambers_of_ones, layout_rooms, lemuel_doored_altar,
          zin_statuary, uniq_robin, uniq_natasha
D:3:      layout_loops_ring, elyvilon_altar_1, uniq_sigmund

Skill      XL: |  1  2  3  4 |
---------------+-------------+-----
Maces & Flails | 4 5 |  5.4
Fighting       | 4 |  4.6
Armour         | 3 |  3.8
Dodging        | 3 |  3.3

Action                   |  1- 3 |  4- 6 || total
-------------------------+-------+-------++-------
Melee: Mace              |    54 |       ||    54
       Headbutt          |    17 |    11 ||    28
       Whip              |    22 |    58 ||    80
Throw: Stone             |    41 |     5 ||    46
       Dart              |     1 |       ||     1
Invok: Berserk           |       |     1 ||     1
Armor: Animal skin       |     6 |       ||     6
       Ring mail         |    23 |    15 ||    38
Dodge: Dodged            |    74 |    33 ||   107
